AoeStats
← savinbel

Arena

510291736Analyzed
1v1 RM · 1d ago on Sep 30, 2026· 138m 47s· 2 players
Game mode
Random Map
Map size
Tiny (2 player)
Population
200
Speed
Normal
Resources
Standard
Victory
Conquest
Starting age
Dark Age
Ending age
Imperial Age
RankedLock teamsTeams togetherTeam positionsShared explorationLock speedFull tech treeHidden civsTurbo modeCheats
Victory
Defeat
🇧🇾 Goths · Belarus
924
+15
🇦🇺 Cumans · Australia
911
-42
Suchlikepizza21
7:28 Loom
10:40 Feudal Age
11:07 Double-Bit Axe
16:46 Wheelbarrow
16:48 Horse Collar
20:21 Gold Mining
20:22 Stone Mining
25:16 Castle Age
25:09 Scale Mail Armor
25:03 Fletching
27:01 Hand Cart
28:23 Bow Saw
28:16 Heavy Plow
28:33 Scale Barding Armor
28:25 Bodkin Arrow
28:10 Pikeman
28:19 Crossbowman
29:06 Thumb Ring
30:00 Gold Shaft Mining
30:10 Bloodlines
35:46 Chain Barding Armor
40:33 Imperial Age
47:44 Imperial Age
45:58 Ballistics
45:34 Murder Holes
46:05 Capped Ram
49:39 Cavalier
50:58 Plate Barding Armor
52:13 Paladin
58:26 Chemistry
69:39 Guilds
69:57 Cuman Mercenaries
73:31 Padded Archer Armor
73:59 Halberdier
74:03 Elite Skirmisher
75:22 Squires
75:08 Arson
77:22 Chain Mail Armor
77:23 Leather Archer Armor
78:48 Plate Mail Armor
78:29 Forging
81:58 Squires
81:44 Arson
82:11 Squires
81:57 Arson
86:28 Iron Casting
86:23 Ring Archer Armor
90:33 Blast Furnace
92:05 Conscription
98:53 Siege Ram
106:15 Crop Rotation
savinbel
11:46 Feudal Age
17:08 Castle Age
15:16 Stone Mining
15:15 Double-Bit Axe
15:35 Horse Collar
16:05 Gold Mining
18:10 Wheelbarrow
18:02 Heavy Plow
18:34 Bow Saw
21:24 Stone Shaft Mining
22:13 Pikeman
22:53 Squires
25:09 Forging
26:35 Scale Mail Armor
26:35 Town Watch
27:35 Hand Cart
32:32 Iron Casting
32:15 Chain Mail Armor
32:20 Town Patrol
32:05 Loom
37:17 Imperial Age
35:34 Fletching
35:45 Padded Archer Armor
35:07 Man-at-Arms
36:17 Bodkin Arrow
38:02 Elite Skirmisher
40:05 Two-Man Saw
39:39 Crop Rotation
40:18 Blast Furnace
39:19 Bracer
39:34 Leather Archer Armor
39:25 Scale Barding Armor
40:22 Chemistry
39:43 Ballistics
39:04 Treadmill Crane
39:20 Murder Holes
39:35 Masonry
39:16 Heated Shot
39:41 Guilds
39:35 Perfusion
39:07 Sappers
40:02 Conscription
39:17 Long Swordsman
41:00 Anarchy
40:51 Elite Huskarl
41:58 Halberdier
43:25 Ring Archer Armor
43:03 Two-Handed Swordsman
45:16 Architecture
44:39 Light Cavalry
45:30 Bloodlines
45:20 Husbandry
45:46 Chain Barding Armor
45:22 Hussar
48:09 Fervor
47:27 Champion
97:49 Spies/Treason
Connection lost

Rejoining the realm…

Still unreachable

The connection could not be restored.

Session expired

The server has moved on; the page needs a fresh start.